 Dungeon Crawl Stone Soup version 0.31.0-32-g396128a36d (webtiles) character file.

Game seed: 6240956198386652082

204434 jimmypageman the Executioner (level 18, -3/170 HPs)
             Began as a Minotaur Fighter on Apr 16, 2024.
             Was a High Priest of Okawaru.
             Killed from afar by Mara (illusionary) (20 damage)
             ... with a bolt of fire
             ... on level 3 of the Shoals.
             The game lasted 00:47:01 (38738 turns).

jimmypageman the Executioner (Minotaur Fighter)    Turns: 38738, Time: 00:47:04

Health: -3/170     AC: 29    Str: 31    XL:     18   Next: 1%
Magic:  2/26       EV: 11    Int:  5    God:    Okawaru [*****.]
Gold:   2509       SH: 22    Dex: 12    Spells: 17/17 levels left

rFire   . . .        e - +4 broad axe (venom)
rCold   + + .        T - +0 kite shield
rNeg    + + .        z - +2 plate armour {rC+}
rPois   +            p - +2 hat "Dureck" {rElec rC+ rN++ SInv}
rElec   +            (no cloak)
rCorr   +            a - +2 pair of gloves {infuse}
SInv    +            y - +1 pair of boots of Bikkoepp {Will+ rCorr Str+3}
Will    ++...        O - amulet of reflection Stlth
                     U - ring of Jiocsugg {rElec rPois Dex+3 SInv}
HPRegen 0.48/turn    N - ring of flight
MPRegen 0.20/turn

%: reflection, infuse magic (1 MP)
@: about to teleport, heroic, flying, studying Fighting
A: horns 2, retaliatory headbutt, clumsy 1
}: 1/15 runes: gossamer
a: Renounce Religion, Heroism, Finesse, Duel


You were on level 3 of the Shoals.
You worshipped Okawaru.
Okawaru was extremely pleased with you.
You visited 6 branches of the dungeon, and saw 30 of its levels.
You also visited: Sewer.

You collected 2751 gold pieces.
You spent 242 gold pieces at shops.

Inventory:

Hand Weapons
 e - a +4 broad axe of venom (weapon)
 v - a +2 heavy broad axe
 D - the +10 whip of Classification {antimagic, +Blink rF+ SInv}
   (You found it on level 6 of the Dungeon)

   rF+:       It protects you from fire.
   SInv:      It lets you see invisible.
   +Blink:    It lets you blink.
 E - a +5 broad axe of freezing
Missiles
 g - a throwing net
 h - 20 javelins
 j - 61 boomerangs
 n - 10 silver javelins
Armour
 a - a +2 pair of gloves of infusion (worn)
 p - the +2 hat "Dureck" (worn) {rElec rC+ rN++ SInv}
   (You acquired it on level 2 of the Shoals)

   rC+:       It protects you from cold.
   rElec:     It insulates you from electricity.
   rN++:      It greatly protects you from negative energy.
   SInv:      It lets you see invisible.
 y - the +1 pair of boots of Bikkoepp (worn) {Will+ rCorr Str+3}
   (You found it on level 4 of the Spider Nest)

   Str+3:     It affects your strength (+3).
   Will+:     It increases your willpower.
   rCorr:     It protects you from acid and corrosion.
 z - a +2 plate armour of cold resistance (worn)
 F - the +2 hat of the Vacuum {^Contam Rampage rElec rC++}
   (Okawaru gifted it to you on level 1 of the Lair of Beasts)

   rC++:      It greatly protects you from cold.
   rElec:     It insulates you from electricity.
   ^Contam:   It causes magical contamination when unequipped.
   Rampage:   It bestows one free step when moving towards enemies.
 T - a +0 kite shield (worn)
Jewellery
 o - the amulet of Uxoa {RegenMP rPois Int+4}
   (You found it on level 2 of the Dungeon)

   [amulet of magic regeneration]

   RegenMP:   It increases your rate of magic regeneration.
   Int+4:     It affects your intelligence (+4).
   rPois:     It protects you from poison
 q - a ring of protection from fire
 N - a ring of flight (right hand)
 O - an amulet of reflection (around neck)
 S - a +6 ring of strength
 U - the ring of Jiocsugg (left hand) {rElec rPois Dex+3 SInv}
   (You found it on level 15 of the Dungeon)

   [ring of poison resistance]

   Dex+3:     It affects your dexterity (+3).
   rElec:     It insulates you from electricity.
   rPois:     It protects you from poison SInv: It lets you see invisible.
Wands
 A - a wand of iceblast (27)
 J - a wand of quicksilver (8)
 P - a wand of mindburst (19) (quivered)
Scrolls
 b - 3 scrolls of fog
 i - 8 scrolls of enchant armour
 k - 10 scrolls of teleportation
 l - 3 scrolls of identify
 m - 7 scrolls of blinking
 r - a scroll of fear
 C - 3 scrolls of revelation
 G - a scroll of brand weapon
 I - 6 scrolls of poison
Potions
 c - 6 potions of ambrosia
 d - a potion of might
 f - 3 potions of curing
 s - 4 potions of magic
 t - 6 potions of haste
 u - 3 potions of lignification
 w - 5 potions of enlightenment
 x - 2 potions of berserk rage
 B - 2 potions of resistance {unknown}
 H - 2 potions of heal wounds
 K - 3 potions of mutation {unknown}
 L - a potion of brilliance {unknown}
 M - a potion of invisibility {unknown}
 Q - a potion of degeneration {unknown}
 R - a potion of cancellation {unknown}
Miscellaneous
 V - a lightning rod (4/4)


   Skills:
 * Level 17.3(22.3) Fighting
 - Level 22.0(27) Axes
 + Level 3.1(8.1) Throwing
 + Level 14.9(19.9) Armour
 - Level 1.2(6.2) Dodging
 - Level 0.1(5.1) Stealth
 * Level 20.4(25.4) Shields
 * Level 12.0 Invocations
 + Level 0.2 Evocations


You had 17 spell levels left.
You didn't know any spells.
Your spell library contained the following spells:

 Spells                   Type           Power      Damage    Failure   Level
 Magic Dart               Conj           0%         1d3       91%         1
 Sandblast                Erth           0%         2d4       91%         1
 Blink                    Tloc           0%         N/A       97%         2
 Ensorcelled Hibernation  Hex/Ice        0%         N/A       97%         2
 Jinxbite                 Hex            0%         N/A       97%         2
 Searing Ray              Conj           0%         2d4       97%         2
 Fugue of the Fallen      Necr           0%         N/A       100%        3
 Inner Flame              Hex/Fire       0%         N/A       100%        3
 Ozocubu's Armour         Ice            0%         N/A       100%        3
 Passwall                 Erth           0%         N/A       100%        3
 Stone Arrow              Conj/Erth      0%         3d7       100%        3
 Anguish                  Hex/Necr       0%         N/A       100%        4
 Brom's Barrelling Bould  Conj/Erth      0%         2d3       100%        4
 Fulminant Prism          Conj/Alch      0%         3d5       100%        4
 Passage of Golubria      Tloc           0%         N/A       100%        4
 Irradiate                Conj/Alch      0%         3d11      100%        5
 Iskenderun's Battlesphe  Conj           0%         2d6       100%        5
 Metabolic Englaciation   Hex/Ice        0%         N/A       100%        5
 Yara's Violent Unravell  Hex/Alch       0%         3d3       100%        5
 Bombard                  Conj/Erth      0%         9d1       100%        6
 Enfeeble                 Hex            0%         N/A       100%        7
 Ignition                 Fire           0%         3d3       100%        8
 Call Imp                 Summ           Unusable   N/A       N/A         2
 Tukima's Dance           Hex            Unusable   N/A       N/A         3
 Sculpt Simulacrum        Ice/Alch       Unusable   N/A       N/A         6
 Spellforged Servitor     Conj/Summ      Unusable   N/A       N/A         7

Dungeon Overview and Level Annotations

Branches:
Dungeon (15/15)            Temple (1/1) D:6            Lair (5/5) D:9
 Shoals (3/4) Lair:2       Spider (4/4) Lair:2        Slime (0/5) Lair:5
    Orc (2/2) D:10            Elf (0/3) Orc:2        Vaults (0/5) D:14
 Depths (0/4) D:15          Sewer (visited)

Altars:
Ashenzari
Cheibriados
Dithmenos
Elyvilon
Fedhas
Gozag
Hepliaklqana
Kikubaaqudgha
Makhleb
Nemelex Xobeh
Okawaru
Qazlal
Ru
Sif Muna
Trog
Uskayaw
Vehumet
Wu Jian
Xom
Yredelemnul
Zin
The Shining One

Shops:
D:9 ::   D:11 [   Orc:2 (*=(   Shoals:1 [

Annotations:
D:4 2 transporters, flammie80's ghost, weakling FoMo
D:7 5 runed translucent doors, exclusion: oklob plant
D:8 3 runed translucent doors, jimmypageman's ghost, novice MiFi
Lair:1 2 transporters, jimmypageman's ghost, journeyman MiFi
Lair:5 exclusion: obsidian statue
Shoals:3 Mara


Innate Abilities, Weirdness & Mutations

You have a pair of horns on your head.
You reflexively headbutt those who attack you in melee.
You are clumsy. (Dex -2)


Message History

Jimmypageman's illusion looks as sick as possible!
Mara blinks!
Aiming: Mindburst
Press: ? - help, Q - select action, (/) - cycle Shift-Dir - straight line, f - jimmypageman's illusion
Aim: jimmypageman's illusion, wielding a weapon of venom (heavily wounded, extremely poisoned, chance to affect: 1%) Jimmypageman's illusion resists with almost no effort.
You block jimmypageman's illusion's attack.
Mara gestures at you. The bolt of fire misses you.
Unknown command.
Aiming: Mindburst
Press: ? - help, Q - select action, (/) - cycle Shift-Dir - straight line, f/p - jimmypageman's illusion
Aim: jimmypageman's illusion, wielding a weapon of venom (heavily wounded, extremely poisoned, chance to affect: 1%) Jimmypageman's illusion resists with almost no effort.
Jimmypageman's illusion hits you!!
* * * LOW HITPOINT WARNING * * *
You are poisoned.
Unknown command.
You slice jimmypageman's illusion!!
Jimmypageman's illusion looks as sick as possible!
Jimmypageman's illusion is severely wounded.
You feel very sick. Jimmypageman's illusion hits you!
* * * LOW HITPOINT WARNING * * *
Mara blinks!
You feel better.
Jimmypageman's illusion hits you but does no damage.
You are poisoned.
Mara points ostentatiously.
As you read the scroll of teleportation, it crumbles to dust.
You feel strangely unstable.
You feel sick. Jimmypageman's illusion hits you!!
* * * LOW HITPOINT WARNING * * *
You are lethally poisoned!
You feel better.
You block jimmypageman's illusion's attack.
Mara weaves an illusion.
Mara blinks!
Mara gestures at you. The bolt of fire hits you!!
You die...

..~~~..........##..))...~~~~..###
~..~~..........#####))...~~...<##
~~~~~....##...## #)####....~...
~~~~......##..# ####..# ##...~...
~~~....###....###....#####.......
~~~..<..##....##........##.~.....
.~~.......§...###...............~
~~~~.........R.##..........##....
~~~.............@@.........##....
≈~~~..............~..............
~~~≈≈≈≈~...~~...#..~...~.........
~~~≈≈≈≈≈.~.~~~..##...~~~~P.......
~~~.~≈≈≈~~~~~........~~~~.P....~~
~~~~~~~.....([.~≈P~~.~..>..
~≈≈≈~~~:.....P~≈≈~P~~~~...
~≈≈≈≈~~~~...~~~≈~~~~~P~~..
~≈≈≈≈≈~~~~~~~~≈≈~~.~~~~~~P


You could see Mara (very poisoned) and jimmypageman's illusion (extremely
poisoned).

Vanquished Creatures
  Nikola (Shoals:3)
  Jorgrun (D:13)
  Polyphemus (Shoals:3)
  Ilsuiw (Shoals:3)
  Agnes (Spider:4)
  An azure jelly (Lair:5)
  9 emperor scorpions
  A fire giant (D:15)
  4 ghost moths
  An orc warlord (Orc:1)
  Nessos (D:12)
  A dire elephant (Lair:5)
  Snorg (D:14)
  An ettin (D:15)
  2 merfolk javelineers (Shoals:3)
  11 entropy weavers
  An entropy weaver (shapeshifter) (D:13)
  Fannar (D:12)
  5 merfolk impalers
  A jorogumo (Spider:1)
  10 hydras
  4 merfolk avatars
  Erolcha (D:13)
  An alligator snapping turtle (Shoals:2)
  The ghost of Steelrune the Thaumaturge, a journeyman GnEE of Vehumet (Orc:1)
  2 catoblepae
  3 radroaches
  8 centaur warriors
  A death knight (D:14)
  A boulder beetle (Spider:2)
  2 dancing weapons (D:14)
  An ogre mage (Orc:2)
  A death scarab (Spider:1)
  3 satyrs
  3 two-headed ogres
  6 tengu warriors
  4 orc high priests (Orc:2)
  5 death yaks
  6 demonic crawlers
  A spectral death yak (Lair:5)
  Nergalle (Orc:2)
  A skyshark (Lair:4)
  10 pharaoh ants
  7 sea snakes
  A deep troll (D:15)
  A spectral anaconda (Lair:5)
  6 orb spiders
  5 steelbarb worms
  6 orc knights
  A harpy (shapeshifter) (D:14)
  3 necromancers (Lair:5)
  4 deep elf pyromancers
  4 harpies (Shoals:3)
  3 orc sorcerers
  2 oklob plants
  11 manticores
  17 fauns
  7 cyclopes
  16 wolf spiders
  9 ugly things
  3 kobold blastminers
  4 slime creatures
  8 meliai
  A black mamba (Lair:3)
  3 moths of wrath
  2 torpor snails
  2 water nymphs
  A gargoyle (D:12)
  10 elephants
  A black mamba (shapeshifter) (D:13)
  9 merfolk sirens
  12 cane toads
  Maggie (D:10)
  A dire elephant skeleton (Lair:5)
  A rime drake (Lair:1)
  2 freezing wraiths
  4 komodo dragons
  3 tengu conjurers (D:15)
  19 merfolk
  5 wind drakes
  2 polar bears
  5 trolls
  22 tarantellas
  A queen bee (shapeshifter) (D:15)
  6 blink frogs (Lair:3)
  2 spectral elephants (Lair:5)
  12 snapping turtles
  Prince Ribbit (D:9)
  A raiju (shapeshifter) (D:12)
  20 dream sheep
  26 jumping spiders
  15 culicivoras
  2 shadows
  60 yaks
  A spriggan (Lair:4)
  6 water elementals
  A dire elephant simulacrum (Lair:5)
  5 wraiths
  5 wyverns
  4 basilisks
  2 steam dragons
  3 wargs
  70 redbacks
  A spectral cane toad (Lair:5)
  Menkaure (D:6)
  9 vampire mosquitoes
  2 acid dragons
  A redback simulacrum (D:15)
  12 water moccasins
  33 orc warriors
  2 elephant zombies (Lair:5)
  3 black bears
  2 sky beasts
  An ice beast (D:8)
  12 ogres
  3 laughing skulls
  20 centaurs
  10 wolves
  2 boggarts (D:15)
  An elephant skeleton (Lair:5)
  2 kobold brigands (D:9)
  17 bullfrogs
  A gnoll sergeant (D:10)
  4 scorpions
  A hornet simulacrum (D:13)
  8 killer bees
  2 howler monkeys
  4 electric eels
  6 hounds
  A gnoll bouda (D:4)
  24 orc priests
  9 jellies
  3 sleepcaps
  Jessica (D:3)
  2 iguanas (D:6)
  34 orc wizards
  10 adders
  4 gnolls
  A river rat (D:5)
  3 shadow imps
  A white imp (D:5)
  6 dart slugs
  5 ribbon worms
  80 orcs
  25 endoplasms
  16 giant cockroaches
  11 goblins
  7 hobgoblins
  4 jackals
  20 kobolds
  7 quokkas
  10 ball pythons
  4 bats
  20 frilled lizards
  4 rats
1061 creatures vanquished.

Vanquished Creatures (others)
  A deep elf pyromancer (D:12)
  An orc wizard (D:10)
  A white imp (D:6)
  An ufetubus (D:6)
  2 orcs
6 creatures vanquished.

Grand Total: 1067 creatures vanquished

Notes
Turn   | Place    | Note
-------+----------+-------------------------------------------
     0 | D:1      | jimmypageman the Minotaur Fighter began the quest for the
                  | Orb.
     0 | D:1      | Reached XP level 1. HP: 19/19 MP: 0/0
   119 | D:1      | Reached XP level 2. HP: 21/27 MP: 1/1
   703 | D:2      | Reached XP level 3. HP: 32/33 MP: 2/2
   719 | D:2      | Identified the amulet of Uxoa {RegenMP rPois Int+4}
   759 | D:2      | Reached skill level 3 in Axes
  1426 | D:3      | Reached XP level 4. HP: 36/40 MP: 3/3
  1668 | D:3      | Noticed Jessica
  1675 | D:3      | Killed Jessica
  1676 | D:3      | Reached skill level 4 in Axes
  1841 | D:3      | Found a sparkling altar of Nemelex Xobeh.
  1906 | D:4      | Found a transporter.
  1909 | D:4      | Found a shimmering altar of Xom.
  1991 | D:4      | Reached XP level 5. HP: 19/46 MP: 4/4
  1996 | D:4      | Reached skill level 5 in Axes
  2001 | D:4      | Reached skill level 1 in Dodging
  2147 | D:4      | Reached XP level 6. HP: 53/53 MP: 5/5
  2239 | D:4      | Found a transporter.
  2241 | D:4      | Noticed flammie80's ghost (weakling FoMo)
  2313 | D:4      | Found a glowing golden altar of the Shining One.
  2709 | D:4      | Found an ornate altar of the Wu Jian Council.
  2734 | D:4      | Reached skill level 6 in Axes
  3110 | D:5      | Entered Level 5 of the Dungeon
  3130 | D:5      | Reached skill level 7 in Axes
  3135 | D:5      | Reached skill level 5 in Shields
  3135 | D:5      | Reached XP level 7. HP: 38/60 MP: 6/6
  3154 | D:5      | Reached skill level 5 in Armour
  3158 | D:5      | Found a glowing silver altar of Zin.
  3193 | D:5      | Found a glowing drain.
  3197 | Sewer    | Entered a sewer
  3549 | Sewer    | Reached skill level 8 in Axes
  3640 | D:5      | Found a shimmering blue altar of Sif Muna.
  3756 | D:5      | Reached skill level 9 in Axes
  3756 | D:5      | Reached XP level 8. HP: 56/67 MP: 7/7
  4413 | D:5      | Reached skill level 5 in Fighting
  4465 | D:5      | Identified a scroll of acquirement
  4467 | D:5      | Acquired a +4 broad axe of venom
  4579 | D:6      | Noticed Menkaure
  4589 | D:6      | Killed Menkaure
  4590 | D:6      | Reached skill level 10 in Axes
  4796 | D:6      | Found a stormy altar of Qazlal.
  4999 | D:6      | Identified the +10 whip of Classification {antimagic,
                  | +Blink rF+ SInv}
  5011 | D:6      | Found a staircase to the Ecumenical Temple.
  5064 | D:6      | Reached skill level 11 in Axes
  5071 | D:6      | Reached XP level 9. HP: 56/74 MP: 8/8
  5420 | D:6      | Reached skill level 12 in Axes
  5579 | Temple   | Entered the Ecumenical Temple
  5584 | Temple   | Became a worshipper of Warmaster Okawaru
  5876 | D:7      | Found a runed translucent gate.
  5883 | D:7      | Found a runed translucent door.
  5996 | D:7      | Found a runed translucent gate.
  5996 | D:7      | Found a runed translucent gate.
  6005 | D:7      | Found a runed translucent door.
  6012 | D:7      | Found the +9 staff of Olgreb {rPois∞}
  6120 | D:7      | Noticed an oklob plant
  6146 | D:7      | Reached skill level 1 in Invocations
  6311 | D:7      | Identified the +12 quarterstaff "Ynipsudd" {venom, rElec
                  | rC- Int+2 SInv}
  6717 | D:8      | Found a runed translucent gate.
  6717 | D:8      | Found a runed translucent gate.
  6717 | D:8      | Found a runed translucent gate.
  6718 | D:8      | Noticed jimmypageman's ghost (novice MiFi)
  6985 | D:8      | Found a hazy altar of Hepliaklqana.
  7036 | D:8      | Reached skill level 13 in Axes
  7150 | D:8      | Reached * piety under Okawaru
  7892 | D:9      | Noticed Prince Ribbit
  7896 | D:9      | Killed Prince Ribbit
  7897 | D:9      | Reached XP level 10. HP: 84/84 MP: 10/10
  8021 | D:9      | Found a staircase to the Lair.
  8083 | D:9      | Reached ** piety under Okawaru
  8127 | D:9      | Found Mumi Osk's Book Emporium.
  8150 | D:9      | Found Anient's Book Boutique.
  8664 | D:9      | Reached skill level 14 in Axes
  8837 | D:10     | Entered Level 10 of the Dungeon
  8874 | D:10     | Noticed a two-headed ogre
  8880 | D:10     | Killed a two-headed ogre
  8880 | D:10     | Reached *** piety under Okawaru
  8960 | D:10     | Noticed a two-headed ogre
  8966 | D:10     | Killed a two-headed ogre
  9169 | D:10     | Noticed Maggie
  9171 | D:10     | Found a blossoming altar of Fedhas.
  9182 | D:10     | Killed Maggie
  9182 | D:10     | Reached **** piety under Okawaru
  9183 | D:10     | Reached skill level 15 in Axes
  9867 | D:10     | Found a staircase to the Orcish Mines.
  9963 | D:10     | Found a burning altar of Makhleb.
  9970 | D:10     | Found a sacrificial altar of Ru.
  9973 | D:10     | Found an ancient bone altar of Kikubaaqudgha.
 10049 | D:11     | Found Dargh's Armour Shop.
 10057 | D:11     | Bought a +1 pair of gloves of infusion for 198 gold pieces
 10132 | D:11     | Reached XP level 11. HP: 77/92 MP: 6/13
 10133 | D:11     | Reached ***** piety under Okawaru
 10722 | D:11     | Found a white marble altar of Elyvilon.
 10728 | D:11     | Reached skill level 16 in Axes
 11449 | D:12     | Noticed Nessos
 11459 | D:12     | Noticed a deep elf pyromancer
 11462 | D:12     | Killed a deep elf pyromancer
 11468 | D:12     | Received a gift from Okawaru
 11469 | D:12     | Reached skill level 5 in Invocations
 11482 | D:12     | Killed Nessos
 11483 | D:12     | Reached skill level 17 in Axes
 11699 | D:12     | Noticed a cyan ugly thing
 11704 | D:12     | Killed a cyan ugly thing
 12038 | D:12     | Noticed Fannar
 12052 | D:12     | Killed Fannar
 12053 | D:12     | Reached skill level 1 in Throwing
 12418 | Lair:1   | Entered Level 1 of the Lair of Beasts
 12591 | Lair:1   | Noticed a five-headed hydra
 12601 | Lair:1   | Killed a five-headed hydra
 12602 | Lair:1   | Reached XP level 12. HP: 82/103 MP: 15/15
 12810 | Lair:1   | Noticed jimmypageman's ghost (journeyman MiFi)
 12822 | Lair:1   | Reached ****** piety under Okawaru
 12822 | Lair:1   | Received a gift from Okawaru
 12823 | Lair:1   | Acquired a +4 broad axe of freezing
 12823 | Lair:1   | Received a gift from Okawaru
 12826 | Lair:1   | Acquired the +2 hat of the Vacuum {^Contam Rampage rElec
                  | rC++}
 12826 | Lair:1   | Received a gift from Okawaru
 12835 | Lair:1   | Found a transporter.
 13062 | Lair:1   | Found a transporter.
 13068 | Lair:1   | Found a bloodstained altar of Trog.
 13520 | Lair:2   | Noticed a four-headed hydra
 13532 | Lair:2   | Killed a nine-headed hydra
 13640 | Lair:2   | Found a staircase to the Shoals.
 13644 | Lair:2   | Received a gift from Okawaru
 13706 | Lair:2   | Reached skill level 18 in Axes
 13889 | Lair:2   | Reached skill level 10 in Shields
 13907 | Lair:2   | Noticed a four-headed hydra
 13915 | Lair:2   | Killed an eight-headed hydra
 14170 | Lair:2   | Found a hole to the Spider Nest.
 14235 | Lair:2   | Received a gift from Okawaru
 14622 | Lair:3   | Reached skill level 10 in Armour
 14763 | Lair:3   | Noticed an eight-headed hydra
 14766 | Lair:3   | Reached XP level 13. HP: 108/111 MP: 14/16
 14783 | Lair:3   | Reached skill level 19 in Axes
 14796 | Lair:3   | Reached skill level 10 in Fighting
 14800 | Lair:3   | Received a gift from Okawaru
 16046 | Lair:4   | Identified the +0 chain mail "Trusted Companion" {-Tele rN+
                  | Str+8}
 16241 | Lair:4   | Received a gift from Okawaru
 16242 | Lair:4   | Reached skill level 20 in Axes
 16596 | Lair:5   | Entered Level 5 of the Lair of Beasts
 16775 | Lair:5   | Noticed an azure jelly
 16779 | Lair:5   | Killed an azure jelly
 17141 | Lair:5   | Found a staircase to the Slime Pits.
 17231 | Lair:5   | Noticed a dire elephant
 17250 | Lair:5   | Received a gift from Okawaru
 17315 | Lair:5   | Reached XP level 14. HP: 110/124 MP: 11/18
 17807 | Lair:5   | Received a gift from Okawaru
 17871 | Lair:5   | Identified the +10 rapier "Odomm" {freeze, rC+}
 18024 | Lair:5   | Identified the amulet "Limerocs" {Acrobat Int+2}
 18375 | Orc:1    | Entered Level 1 of the Orcish Mines
 18379 | Orc:1    | Noticed an orc warlord
 18430 | Orc:1    | Killed an orc warlord
 18738 | Orc:2    | Entered Level 2 of the Orcish Mines
 19313 | Orc:2    | Found a staircase to the Elven Halls.
 19476 | Orc:2    | Reached skill level 21 in Axes
 20530 | Orc:2    | Found Uputhridi's Jewellery Shoppe.
 20530 | Orc:2    | Found Radaedof's Antique Weapon Boutique.
 20532 | Orc:2    | Found Nahum's Assorted Antiques.
 20532 | Orc:2    | Found Ytuurch's Weapon Shoppe.
 20540 | Orc:2    | Bought a sapphire potion for 22 gold pieces
 20540 | Orc:2    | Bought a coppery potion for 22 gold pieces
 20581 | Orc:1    | Noticed Steelrune's ghost (journeyman GnEE)
 20581 | Orc:1    | Found a runed translucent door.
 20592 | Orc:1    | Noticed Nergalle
 21089 | Orc:2    | Killed Nergalle
 21089 | Orc:2    | Received a gift from Okawaru
 21901 | Orc:1    | Killed Steelrune's ghost
 22177 | D:13     | HP: 6/127 [cyclops (23)]
 22784 | D:13     | Noticed Jorgrun
 22791 | D:13     | Killed Jorgrun
 22792 | D:13     | Noticed Erolcha
 22805 | D:13     | Killed Erolcha
 22813 | D:13     | Reached XP level 15. HP: 103/134 MP: 17/20
 23789 | D:14     | Found a gate to the Vaults.
 24115 | D:14     | Identified the maw talisman "Gaetwuep" {rCorr}
 24258 | D:14     | Noticed Snorg
 24265 | D:14     | Killed Snorg
 25086 | D:15     | Entered Level 15 of the Dungeon
 25886 | D:15     | Received a gift from Okawaru
 26143 | D:15     | Reached skill level 22 in Axes
 26255 | D:15     | Noticed a fire giant
 26261 | D:15     | Killed a fire giant
 26360 | D:15     | Identified the +0 pair of boots of Optimism {*Corrode rN++
                  | Int+3}
 26368 | D:15     | Identified the ring of Jiocsugg {rElec rPois Dex+3 SInv}
 26524 | D:15     | Found a staircase to the Depths.
 27475 | Spider:1 | Entered Level 1 of the Spider Nest
 27809 | Spider:1 | Reached skill level 10 in Invocations
 27820 | Spider:1 | Received a gift from Okawaru
 28389 | Spider:1 | Identified the +0 scale mail of Tortured Happiness {rElec}
 28602 | Spider:1 | Reached skill level 15 in Shields
 28602 | Spider:1 | Reached XP level 16. HP: 133/145 MP: 16/22
 29571 | Spider:2 | Received a gift from Okawaru
 31132 | Spider:4 | Entered Level 4 of the Spider Nest
 31611 | Spider:4 | Received a gift from Okawaru
 32329 | Spider:4 | Reached skill level 15 in Fighting
 32418 | Spider:4 | Reached XP level 17. HP: 152/156 MP: 4/24
 32759 | Spider:4 | Noticed Agnes
 32773 | Spider:4 | Killed Agnes
 33370 | Spider:4 | Identified the +1 pair of boots of Bikkoepp {Will+ rCorr
                  | Str+3}
 33373 | Spider:4 | Got a gossamer rune of Zot
 33833 | Shoals:1 | Entered Level 1 of the Shoals
 33833 | Shoals:1 | Found the +3 pair of gauntlets of War {Slay+5}
 33833 | Shoals:1 | Found Quopumm's Antique Armour Boutique.
 35703 | Shoals:2 | Acquired a manual of Fighting
 35706 | Shoals:2 | Acquired a +2 heavy broad axe
 35708 | Shoals:2 | Acquired the +2 hat "Dureck" {rElec rC+ rN++ SInv}
 35733 | Shoals:2 | Gained mutation: You are clumsy. (Dex -2) [mutagenic glow]
 36743 | Shoals:3 | Noticed Nikola
 36767 | Shoals:3 | Killed Nikola
 36901 | Shoals:3 | Identified the +0 scale mail "Eqabooj" {*Corrode +Inv rElec
                  | Int+6}
 37756 | Shoals:3 | Noticed Polyphemus
 37769 | Shoals:3 | Killed Polyphemus
 38115 | Shoals:3 | Noticed Ilsuiw
 38136 | Shoals:3 | Killed Ilsuiw
 38329 | Shoals:3 | Reached XP level 18. HP: 89/170 MP: 7/26
 38715 | Shoals:3 | Noticed Mara
 38716 | Shoals:3 | Noticed jimmypageman's illusion
 38737 | Shoals:3 | HP: 8/170 [jimmypageman's illusion (illusionary)[Mara]
                  | (26)]
 38738 | Shoals:3 | Killed from afar by Mara (illusionary)

Illustrated notes

Levels and vault maps discovered:
D:1:      lightli_arrival_boilingwater, layout_basic,
          minmay_misc_feat_more_columns, minmay_indecisive_spiral
D:2:      layout_loops_ring
D:3:      layout_rooms, mainiacjoe_overflow_brackets, uniq_jessica
D:4:      minmay_diamond_boxcup, layout_loops_cross, nzn_wu_jian_contemplation,
          tso_oasis_becter, amcnicky_altar_gilded, serial_forest,
          infiniplex_forest_join, infiniplex_forest_clump_double,
          infiniplex_forest_corner_2, infiniplex_forest_clump_cross,
          infiniplex_forest_clump_small, infiniplex_forest_corner_2,
          infiniplex_forest_end_3, gammafunk_ghost_mausoleum
D:5:      layout_gridville, lemuel_tele_altar, kennysheep_little_box,
          gup_sewer_entry_bowl, kennysheep_decorative_pillar,
          roderic_roman_lattice
D:6:      layout_gridville, nicolae_qazlal_beasts_of_the_sky,
          minmay_temple_entry_butterflies, minmay_alternating_orb, uniq_menkaure
D:7:      lemuel_slime, layout_basic, minmay_guarded_unrand_staff_of_olgreb
D:8:      layout_loops_corners, mainiacjoe_overflow_chevrons,
          gammafunk_ghost_spectres
D:9:      layout_irregular_city, lair_entry_dummy, serial_shops,
          nicolae_shop_temple_entry_statues_fountains,
          nicolae_shop_just_a_little_nook, uniq_prince_ribbit1
D:10:     layout_roguey, minmay_overflow_temple_star_quad,
          mainiacjoe_overflow_boulevard, uniq_maggie
D:11:     layout_irregular_city, serial_shops, shop, serial_column_ruins,
          column_ruins_grid_1, column_ruins_open_tiny, column_ruins_open_tiny,
          column_ruins_grid_4, column_ruins_corridor_corner, elyvilon_altar_5
D:12:     layout_loops_ring, st_stairs_9, uniq_nessos, uniq_fannar
D:13:     layout_rooms, grunt_ministairs_2, nicolae_eternal_life,
          minmay_mirror_moons_of_madness, uniq_erolcha, uniq_jorgrun
D:14:     layout_loops_corners, erik_vaults_1,
          nicolae_concentric_dashed_squares_mild, minivault_14, uniq_snorg
D:15:     hangedman_depths_entry_civil_slaughter, layout_irregular_city,
          serial_library_hellmonk_angled_corner, grunt_decor_clamped,
          minmay_the_grid_2x2 [minmay_the_grid_all_tris,
          minmay_the_grid_outer_diamond, minmay_the_grid_embedded,
          minmay_the_grid_prize_four_corners_diamond_b]
Temple:   nicolae_temple_bog_church
Lair:1:   layout_regular_city, gammafunk_ghost_wrathful_warriors,
          beast_lair_carwin_9
Lair:2:   statuecave_lemuel, layout_concentric_octagons,
          minmay_shoals_entry_beasts, spider_nest_entry_funnel_web,
          minivault_24, chequers_serial_rivers_micro_a, serial_bayou_pond_b,
          infiniplex_staircase_pool_2
Lair:3:   layout_cellular_growth, wad_woods_road_03, grunt_megastairs_3
Lair:4:   layout_misc_corridors, minivault_27, grunt_forest_large_clearing_hut
Lair:5:   due_jungle_book, layout_loops_ring, slime_entry_1,
          nicolae_lair_time_for_slime
Shoals:1: layout_shoals, serial_shops, shop_statue
Shoals:2: layout_shoals
Shoals:3: layout_shoals, uniq_ilsuiw, uniq_polyphemus, uniq_nikola, uniq_mara
Spider:1: layout_spider_delve
Spider:2: layout_spider_delve
Spider:3: layout_spider_delve, hangedman_spider_tarantella_strand
Spider:4: grunt_spider_rune_circles, nicolae_spider_eight_legs, uniq_agnes
Orc:1:    layout_diamond_mine, hellmonk_ghost_happy_afterlife, uniq_nergalle
Orc:2:    grunt_orc_tribal_feast, layout_caves, library_closet, abandoned_shop

Skill      XL: |  1  2  3  4  5  6  7  8  9 10 11 12 13 14 15 16 17 |
---------------+----------------------------------------------------+-----
Armour         | 4 5 6 7 8 10 11 12 13 14 | 14.9
Shields        | 4 5 6 7 8 9 10 11 12 15 18 20 | 20.4
Axes           | 3 4 5 7 9 11 13 15 17 18 20 21 22 | 22.0
Fighting       | 4 5 6 7 8 9 11 12 13 15 17 | 17.3
Dodging        | 1 |  1.2
Invocations    | 2 4 5 6 7 8 10 11 12 | 12.0
Throwing       | 1 2 3 |  3.1
Stealth        | |  0.1
Evocations     | |  0.2

Action                     |  1- 3 |  4- 6 |  7- 9 | 10-12 | 13-15 | 16-18 || total
---------------------------+-------+-------+-------+-------+-------+-------++-------
  Melee: War axe           |   117 |   177 |   133 |       |       |       ||   427
         Headbutt          |     9 |    37 |    43 |    58 |   184 |   242 ||   573
         Broad axe         |       |       |   138 |   377 |   796 |   936 ||  2247
  Throw: Javelin           |       |       |       |    18 |     6 |    16 ||    40
         Boomerang         |       |       |       |     3 |       |       ||     3
 Invoke: Heroism           |       |       |       |     8 |    33 |    31 ||    72
         Receive Weapon    |       |       |       |     1 |       |       ||     1
         Receive Armour    |       |       |       |     1 |       |       ||     1
         Finesse           |       |       |       |       |     4 |     4 ||     8
  Evoke: Wand              |       |       |       |       |       |     4 ||     4
    Use: Scroll            |     4 |     1 |     5 |     6 |    11 |     8 ||    35
         Potion            |       |     1 |     2 |     3 |     2 |     7 ||    15
   Stab: Petrified         |       |       |       |       |     2 |       ||     2
 Armour: Scale mail        |    15 |       |       |       |       |       ||    15
         Chain mail        |    71 |    87 |    96 |       |       |       ||   254
         Plate armour      |       |       |   120 |   319 |   690 |   558 ||  1687
  Dodge: Dodged            |    50 |    38 |    90 |   131 |   243 |   185 ||   737
  Block: Buckler           |    30 |    19 |    67 |   103 |   188 |       ||   407
         Kite shield       |       |       |       |       |   168 |   853 ||  1021
         Reflection        |       |       |       |       |       |    46 ||    46
